 Dungeon Crawl Stone Soup version 0.31.0-32-g396128a36d (webtiles) character file.

Game seed: 5081959258004761006

215284 AlexRAT the Warrior (level 18, -22/268 HPs)
             Began as a Minotaur Berserker on Mar 27, 2024.
             Was a High Priest of Trog.
             Killed from afar by an ironbound frostheart (45 damage)
             ... by creeping frost
             ... on level 1 of the Vaults.
             The game lasted 00:56:40 (34295 turns).

AlexRAT the Warrior (Minotaur Berserker)           Turns: 34295, Time: 00:56:43

Health: -22/268    AC: 18    Str: 29    XL:     18   Next: 32%
Magic:  27/27      EV: 19    Int:  4    God:    Trog [*****.]
Gold:   3366       SH:  9    Dex: 13    Spells: 17/17 levels left

rFire   + + .        x - +9 broad axe "Leijez" {venom, MP+9 Str+2 Stlth+}
rCold   x x .        N - +2 kite shield {reflect}
rNeg    + . .        y - +3 salamander hide armour {Flames, rFlCloud rF++ rC--}
rPois   .            E - +2 hat
rElec   .            z - +0 cloak
rCorr   +            J - +2 pair of gloves
SInv    .            Y - +0 pair of boots
Will    +++..        o - amulet of faith Stlth
                     c - ring of resist corrosion
HPRegen 1.64/turn    M - ring of positive energy
MPRegen 0.20/turn

%: reflection, faith
@: berserking, lethally poisoned (-22 -> -43), marked, strong-willed, frozen,
regenerating, very quick
A: horns 2, retaliatory headbutt, high MP 1, mutation resistance 1
}: 1/15 runes: serpentine
a: Renounce Religion, Berserk, Trog's Hand, Brothers in Arms


You were on level 1 of the Vaults.
You worshipped Trog.
Trog was extremely pleased with you.
You visited 7 branches of the dungeon, and saw 28 of its levels.
You also visited: Sewer and Ice Cave.

You collected 3486 gold pieces.
You spent 120 gold pieces at shops.

Inventory:

Hand Weapons
 h - a +6 heavy executioner's axe
 x - the +9 broad axe "Leijez" (weapon) {venom, MP+9 Str+2 Stlth+}
   (You found it on level 5 of the Lair of Beasts)

   Str+2:     It affects your strength (+2).
   MP+9:      It affects your magic capacity (+9).
   Stlth+:    It makes you more stealthy.
Missiles
 w - 10 javelins
 L - 2 throwing nets
 V - 6 silver javelins
Armour
 y - the +3 salamander hide armour (worn) {Flames, rFlCloud rF++ rC--}
   (You found it on level 4 of the Dungeon)

   Flames:    It surrounds you with flame clouds and enhances your fire magic.
   rFlCloud:  It grants immunity to flame clouds.
   rF++:      It greatly protects you from fire.
   rC--:      It makes you very vulnerable to cold.
 z - a +0 cloak (worn)
 E - a +2 hat (worn)
 J - a +2 pair of gloves (worn)
 N - a +2 kite shield of reflection (worn)
 Y - a +0 pair of boots (worn)
Jewellery
 c - a ring of resist corrosion (left hand)
 o - an amulet of faith (around neck)
 p - a ring of willpower
 H - a ring of positive energy
 M - a ring of positive energy (right hand)
 T - a ring of willpower
 U - a ring of flight
Wands
 a - a wand of quicksilver (16)
 d - a wand of paralysis (14)
 u - a wand of flame (10) (quivered)
 F - a wand of polymorph (12)
 R - a wand of mindburst (12)
 X - a wand of roots (7)
Scrolls
 i - 5 scrolls of enchant weapon
 k - 11 scrolls of teleportation
 l - 5 scrolls of immolation
 r - 3 scrolls of fog
 s - 3 scrolls of blinking
 C - 3 scrolls of butterflies
 D - 5 scrolls of vulnerability
 G - 3 scrolls of poison
 Q - a scroll of silence
 S - 2 scrolls of enchant armour
 W - a scroll of brand weapon {unknown}
 Z - 2 scrolls of fear
Potions
 b - 6 potions of enlightenment
 e - 4 potions of lignification
 f - 2 potions of mutation
 g - 5 potions of attraction
 j - 5 potions of might
 m - 9 potions of heal wounds
 n - a potion of invisibility {unknown}
 q - 11 potions of curing
 t - 6 potions of haste {unknown}
 v - 4 potions of degeneration {unknown}
 A - 5 potions of brilliance {unknown}
 B - a potion of experience {unknown}
 K - 4 potions of cancellation {unknown}
 O - 2 potions of berserk rage {unknown}
 P - 3 potions of magic {unknown}
Miscellaneous
 I - a sack of spiders


   Skills:
 + Level 20.3 Fighting
 + Level 20.0(20.2) Axes
 - Level 3.6(13.6) Maces & Flails
 + Level 20.2 Armour
 + Level 18.7 Dodging


You had 17 spell levels left.
You didn't know any spells.
Your spell library was empty.

Dungeon Overview and Level Annotations

Branches:
Dungeon (14/15)            Temple (0/1) D:4            Lair (5/5) D:11
 Shoals (1/4) Lair:2        Snake (4/4) Lair:3        Slime (0/5) Lair:5
    Orc (2/2) D:12            Elf (1/3) Orc:2        Vaults (1/5) D:13
  Sewer (visited)           IceCv (visited)

Altars:
Gozag
Hepliaklqana
Makhleb
Trog
Wu Jian
Yredelemnul
Zin
The Shining One
Jiyva

Shops:
D:8 (   D:10 :!=   D:12 :   Orc:2 (::*   Snake:2 [   Snake:3 *   Snake:4 =

Portals:
Trove: D:14 (give 5 potions of resistance)


Innate Abilities, Weirdness & Mutations

You have a pair of horns on your head.
You reflexively headbutt those who attack you in melee.
You have an increased reservoir of magic. (+10% MP)
You are somewhat resistant to further mutation.


Message History

The dire elephant is engulfed in blazing flames.
The dire elephant closely misses you. You furiously retaliate!
You headbutt the dire elephant!! The dire elephant trunk-slaps you.
The vault warden is engulfed in blazing flames.
The vault warden hits you with a +2 halberd of venom!!
* * * LOW HITPOINT WARNING * * *
You are more poisoned.
You slash the vault warden!
The vault warden is poisoned.
You headbutt the vault warden!
The vault warden is heavily wounded.
You slice the dire elephant!!
The dire elephant looks as sick as possible!
You feel extremely sick.
The dire elephant is engulfed in blazing flames.
The dire elephant completely misses you.
You furiously retaliate!
You headbutt the dire elephant. The dire elephant closely misses you.
The vault warden is engulfed in blazing flames.
The vault warden activates a sealing rune.
A door slams shut!
The ironbound frostheart calls freezing cold from the walls.
The frost grips you!!
You feel a terrible chill!
* * * LOW HITPOINT WARNING * * *
You are encased in ice.
You carve the vault warden like a ham!!!
You kill the vault warden!
Trog accepts your kill.
Trog appreciates your killing of a magic user.
The runic seals fade away.
You hit the dire elephant.
The dire elephant looks as sick as possible!
* * * LOW HITPOINT WARNING * * *
You feel very sick.
You slash the dire elephant!
You kill the dire elephant!
Trog accepts your kill.
* * * LOW HITPOINT WARNING * * *
You feel very sick.
The ironbound frostheart calls freezing cold from the walls.
The frost grips you!!!
You feel a terrible chill!
You die...

#.. #.. #### #.. #
#$)# #.. #. #.)# #..
##+##+##+### ####
+...p...[..# #...
#...°○°....########...
#...°@○....+......#...
###+##+##+##......#...
#. #..##......'... #
#..##......#...
#####....[.#...
#......#...
#......#...
########... #...


You could see an ironbound frostheart.

Vanquished Creatures
  Vashnia (Snake:2)
  Rupert (Lair:5)
  A quicksilver dragon (Snake:4)
  Gastronok (D:8)
  Aizul (Snake:3)
  4 nagarajas (Snake:4)
  A vault warden (Vaults:1)
  The ghost of ripuliukko the Eclecticist, an adept GrEE of Vehumet (Snake:1)
  A reaper (IceCv)
  An orc warlord (Orc:1)
  2 ironbound preservers (Vaults:1)
  2 ironbound thunderhulks (Vaults:1)
  Nessos (D:12)
  3 dire elephants
  A yaktaur captain (Vaults:1)
  A vault guard (D:13)
  An entropy weaver (D:13)
  A great orb of eyes (Vaults:1)
  3 hydras (Lair:2)
  3 salamander tyrants (Snake:4)
  8 ogre magi
  7 anacondas
  3 merfolk aquamancers (Shoals:1)
  Harold (D:9)
  4 boulder beetles
  An ironbound frostheart (Vaults:1)
  5 centaur warriors
  10 dancing weapons (Elf:1)
  A satyr (Shoals:1)
  10 death yaks
  2 tengu warriors
  16 two-headed ogres
  20 naga sharpshooters
  12 naga warriors
  An orc high priest (Orc:1)
  Urug (D:11)
  Sonja (Lair:5)
  2 hell hogs (Lair:5)
  3 skysharks
  14 shock serpents
  3 deep elf knights
  3 salamander mystics
  3 sea snakes (Shoals:1)
  6 deep trolls (Vaults:1)
  3 deep elf archers
  13 mana vipers
  2 arcanists (Vaults:1)
  2 ironbound convokers (Vaults:1)
  5 naga ritualists
  Pikel (D:6)
  A lindwurm (Lair:5)
  8 deep elf pyromancers (Elf:1)
  2 deep elf zephyrmancers (Elf:1)
  5 harpies
  3 manticores
  13 elephants
  13 salamanders
  Maurice (D:8)
  8 ugly things
  3 meliai (D:13)
  3 water nymphs (Shoals:1)
  4 cyclopes
  Joseph (Lair:1)
  2 merfolk sirens (Shoals:1)
  2 torpor snails
  9 guardian serpents
  16 naga magi
  41 black mambas
  2 vault sentinels (Vaults:1)
  18 cane toads
  2 molten gargoyles (Lair:5)
  Jeremiah (D:6)
  2 ice statues (IceCv)
  2 gargoyles
  An unseen horror (shapeshifter) (D:9)
  4 unseen horror zombies (D:9)
  5 rime drakes
  An unseen horror (D:12)
  A yaktaur (Vaults:1)
  An efreet (D:12)
  2 kobold demonologists
  17 komodo dragons
  8 ice devils (IceCv)
  Psyche (D:8)
  A guardian mummy (D:14)
  A tengu conjurer (D:13)
  A freezing wraith (IceCv)
  2 anaconda simulacra (IceCv)
  4 trolls
  2 hornets
  2 merfolk (Shoals:1)
  5 polar bears
  Prince Ribbit (D:7)
  A raiju (Snake:4)
  8 dream sheep
  20 blink frogs
  A snapping turtle (Shoals:1)
  10 slime creatures
  2 water elementals
  2 shadows
  3 air elementals (Elf:1)
  A wraith (D:13)
  12 wyverns
  A vampire (D:10)
  2 wargs
  2 fire elementals (Elf:1)
  6 basilisks
  66 yaks
  2 steam dragons
  13 vampire mosquitoes
  Grum (D:8)
  Menkaure (D:7)
  15 water moccasins
  37 nagas
  An acid dragon (D:12)
  4 hell hounds (Lair:5)
  23 orc warriors
  8 ice beasts
  29 ogres
  7 wolves
  3 lemures (D:6)
  2 phantoms
  12 centaurs
  3 kobold brigands
  12 bullfrogs
  2 two-headed ogre simulacra (IceCv)
  2 cane toad simulacra (IceCv)
  2 scorpions
  2 wyvern zombies (D:9)
  6 wights (D:9)
  2 electric eels (Lair:2)
  4 howler monkeys
  3 lava snakes (Lair:5)
  4 bombardier beetles
  2 centaur zombies (D:9)
  5 hounds
  18 orc priests
  5 jellies
  A sleepcap (D:4)
  A gnoll bouda (D:6)
  4 iguanas
  16 orc wizards
  4 spriggan simulacra (IceCv)
  A troll simulacrum (IceCv)
  4 wolf simulacra (IceCv)
  A killer bee zombie (D:9)
  11 adders
  4 gnolls (D:6)
  3 naga simulacra (IceCv)
  2 river rats
  5 white imps
  6 ufetubi
  A dart slug (D:1)
  3 ribbon worms
  95 orcs
  6 bats
  4 endoplasms (D:1)
  4 giant cockroaches
  6 goblins
  6 hobgoblins
  13 jackals
  24 ball pythons
  3 frilled lizards
  17 kobolds
  22 rats
  A spectral orc (D:9)
1051 creatures vanquished.

Notes
Turn   | Place    | Note
-------+----------+-------------------------------------------
     0 | D:1      | AlexRAT the Minotaur Berserker began the quest for the Orb.
     0 | D:1      | Reached XP level 1. HP: 19/19 MP: 0/0
     7 | D:1      | You fall into a shaft and drop 1 floor!
    90 | D:2      | Reached skill level 1 in Axes
    90 | D:2      | Reached XP level 2. HP: 24/27 MP: 1/1
   124 | D:2      | Found a faded altar of an unknown god.
   293 | D:1      | Reached ** piety under Trog
   452 | D:1      | Reached XP level 3. HP: 33/33 MP: 2/2
  1085 | D:3      | Found a glowing golden altar of the Shining One.
  1126 | D:3      | Noticed a moth of wrath
  1129 | D:3      | Found a bloodstained altar of Trog.
  1247 | D:3      | Reached XP level 4. HP: 38/40 MP: 3/3
  1630 | D:3      | Noticed a phantom
  1637 | D:3      | Killed a phantom
  1637 | D:3      | Reached *** piety under Trog
  1638 | D:3      | Reached XP level 5. HP: 40/47 MP: 4/4
  2139 | D:4      | Reached skill level 5 in Fighting
  2236 | D:4      | Found the +3 salamander hide armour {Flames, rFlCloud rF++
                  | rC--}
  2268 | D:4      | Noticed a wyvern
  2277 | D:4      | Reached XP level 6. HP: 53/56 MP: 5/5
  2430 | D:4      | Killed a wyvern
  2431 | D:4      | Reached skill level 5 in Armour
  2431 | D:4      | Reached XP level 7. HP: 62/62 MP: 6/6
  2524 | D:4      | Found a staircase to the Ecumenical Temple.
  2579 | D:5      | Entered Level 5 of the Dungeon
  2724 | D:5      | Reached skill level 5 in Dodging
  2732 | D:5      | Reached skill level 5 in Axes
  3224 | D:6      | Reached XP level 8. HP: 64/71 MP: 7/7
  3227 | D:6      | Reached **** piety under Trog
  3234 | D:6      | Found a glowing drain.
  3248 | Sewer    | Entered a sewer
  3447 | D:6      | Reached ***** piety under Trog
  3594 | D:6      | Noticed Pikel
  3607 | D:6      | Killed Pikel
  3761 | D:6      | Reached XP level 9. HP: 81/81 MP: 8/8
  3803 | D:6      | Noticed Jeremiah
  3821 | D:6      | Killed Jeremiah
  4210 | D:7      | Found an opulent altar of Gozag.
  4341 | D:7      | Noticed Prince Ribbit
  4349 | D:7      | Killed Prince Ribbit
  4349 | D:7      | Received a gift from Trog
  4368 | D:7      | Noticed Menkaure
  4373 | D:7      | Killed Menkaure
  4539 | D:7      | Found a burning altar of Makhleb.
  4749 | D:8      | Found a glowing silver altar of Zin.
  4765 | D:8      | Noticed Gastronok
  4777 | D:8      | Killed Gastronok
  4778 | D:8      | Reached XP level 10. HP: 72/91 MP: 9/9
  5189 | D:8      | Noticed Psyche
  5194 | D:8      | Killed Psyche
  5195 | D:8      | Reached skill level 10 in Fighting
  5246 | D:8      | Noticed a +0 great mace
  5247 | D:8      | Found Yvumen's Weapon Emporium.
  5250 | D:8      | Noticed a +0 demon trident
  5344 | D:8      | Noticed Grum
  5347 | D:8      | Killed Grum
  5360 | D:8      | Noticed Maurice
  5362 | D:8      | Maurice stole 6 javelins
  5364 | D:8      | Killed Maurice
  5603 | D:9      | Reached skill level 10 in Armour
  5701 | D:9      | Found a basalt altar of Yredelemnul.
  5705 | D:9      | Reached skill level 10 in Axes
  5879 | D:9      | Reached XP level 11. HP: 95/99 MP: 10/10
  5906 | D:9      | Noticed Harold
  5916 | D:9      | Killed Harold
  5955 | D:9      | Reached ****** piety under Trog
  5956 | D:9      | Received a gift from Trog
  5957 | D:9      | Found the +8 mithril axe "Arga" {speed, Will+}
  6004 | D:9      | Reached skill level 10 in Dodging
  6666 | D:9      | Found a hazy altar of Hepliaklqana.
  6930 | D:10     | Entered Level 10 of the Dungeon
  7027 | D:10     | Found Plog's Jewellery Shoppe.
  7028 | D:10     | Found Seney's Distillery.
  7034 | D:10     | Found Mumobru's Book Shoppe.
  7055 | D:10     | Noticed a two-headed ogre
  7061 | D:10     | Killed a two-headed ogre
  7205 | D:10     | Received a gift from Trog
  7688 | D:11     | Noticed a purple ugly thing
  7692 | D:11     | Killed a purple ugly thing
  8013 | D:11     | Noticed a two-headed ogre
  8017 | D:11     | Noticed a two-headed ogre
  8017 | D:11     | Noticed an ogre mage
  8019 | D:11     | Killed a two-headed ogre
  8021 | D:11     | Noticed a two-headed ogre
  8024 | D:11     | Killed an ogre mage
  8025 | D:11     | Reached XP level 12. HP: 101/113 MP: 11/11
  8027 | D:11     | Killed a two-headed ogre
  8034 | D:11     | Killed a two-headed ogre
  8252 | D:11     | Found a staircase to the Lair.
  8540 | D:11     | Noticed Urug
  8546 | D:11     | Killed Urug
  8847 | D:12     | Found a staircase to the Orcish Mines.
  8850 | D:12     | Received a gift from Trog
  9032 | D:12     | Noticed Nessos
  9040 | D:12     | Killed Nessos
  9245 | D:12     | Noticed a boulder beetle
  9253 | D:12     | Killed a boulder beetle
  9583 | D:12     | Found Kayhocu's Book Shop.
  9590 | D:12     | Noticed a boulder beetle
  9596 | D:12     | Killed a boulder beetle
  9751 | Orc:1    | Entered Level 1 of the Orcish Mines
  9822 | Orc:1    | Noticed an orc warlord
  9835 | Orc:1    | Killed an orc warlord
  9974 | Orc:1    | Received a gift from Trog
  9980 | Orc:1    | Reached XP level 13. HP: 111/123 MP: 12/12
 10691 | D:13     | Found a gate to the Vaults.
 10738 | D:12     | Gained mutation: Your body sometimes deteriorates upon
                  | taking damage. [potion of mutation]
 10738 | D:12     | Gained mutation: You expend magic power (3 MP) to
                  | strengthen your wands. [potion of mutation]
 10739 | D:12     | Lost mutation: You expend magic power (3 MP) to strengthen
                  | your wands. [potion of mutation]
 10739 | D:12     | Lost mutation: Your body sometimes deteriorates upon taking
                  | damage. [potion of mutation]
 10739 | D:12     | Gained mutation: You occasionally lose the ability to drink
                  | potions when taking damage. [potion of mutation]
 10740 | D:12     | Lost mutation: You occasionally lose the ability to drink
                  | potions when taking damage. [potion of mutation]
 10740 | D:12     | Gained mutation: You are weak. (Str -2) [potion of
                  | mutation]
 10740 | D:12     | Gained mutation: You are partially covered in large bone
                  | plates. (SH +4) [potion of mutation]
 10776 | Lair:1   | Entered Level 1 of the Lair of Beasts
 10838 | Lair:1   | Found a frozen archway.
 10905 | IceCv    | Entered an ice cave
 11590 | IceCv    | Received a gift from Trog
 11641 | IceCv    | Noticed a reaper
 11651 | IceCv    | Killed a reaper
 12415 | Lair:1   | Noticed Joseph
 12431 | Lair:1   | Killed Joseph
 13160 | Lair:2   | Lost mutation: You are partially covered in large bone
                  | plates. (SH +4) [potion of mutation]
 13160 | Lair:2   | Lost mutation: You are weak. (Str -2) [potion of mutation]
 13160 | Lair:2   | Gained mutation: Potions are less effective at restoring
                  | your health. [potion of mutation]
 13161 | Lair:2   | Lost mutation: Potions are less effective at restoring your
                  | health. [potion of mutation]
 13161 | Lair:2   | Gained mutation: Your health recovers twice as slowly from
                  | being drained. [potion of mutation]
 13221 | Lair:2   | Reached skill level 15 in Fighting
 13362 | Lair:2   | Reached XP level 14. HP: 124/135 MP: 13/13
 13370 | Lair:2   | Received a gift from Trog
 13606 | Lair:2   | Reached skill level 15 in Armour
 14392 | Lair:2   | Found a staircase to the Shoals.
 14395 | Lair:2   | Reached skill level 15 in Axes
 14609 | D:10     | Bought a potion of mutation for 120 gold pieces
 14609 | D:10     | Lost mutation: Your health recovers twice as slowly from
                  | being drained. [potion of mutation]
 14609 | D:10     | Gained mutation: Armour fits poorly on your strangely
                  | shaped body. [potion of mutation]
 14609 | D:10     | Gained mutation: Your system is resistant to poisons.
                  | (rPois) [potion of mutation]
 14998 | Lair:3   | Received a gift from Trog
 15312 | Lair:3   | Found a staircase to the Snake Pit.
 16825 | Lair:5   | Entered Level 5 of the Lair of Beasts
 16835 | Lair:5   | Found a viscous altar of Jiyva.
 16852 | Lair:5   | Found a staircase to the Slime Pits.
 16901 | Lair:5   | Received a gift from Trog
 17017 | Lair:5   | Noticed Sonja
 17027 | Lair:5   | Reached skill level 15 in Dodging
 17027 | Lair:5   | Reached XP level 15. HP: 134/145 MP: 14/14
 17036 | Lair:5   | Killed Sonja
 17243 | Lair:5   | Noticed Rupert
 17252 | Lair:5   | Killed Rupert
 17805 | Lair:5   | Identified the +6 great mace of Terra Nullius {antimagic,
                  | rPois} (Trog gifted it to you on level 5 of the Lair of
                  | Beasts)
 17805 | Lair:5   | Received a gift from Trog
 17951 | Lair:5   | Found a large runed translucent door.
 17952 | Lair:5   | Found a large runed translucent door.
 18107 | Lair:5   | Identified the +9 broad axe "Leijez" {venom, MP+9 Str+2
                  | Stlth+}
 18712 | Orc:2    | Entered Level 2 of the Orcish Mines
 18847 | Orc:2    | Found Ceulef's Book Shoppe.
 18847 | Orc:2    | Found Fuagh's General Store.
 18887 | Orc:2    | Found Esem's Antique Weapon Shop.
 18887 | Orc:2    | Found Liukucen's Book Shoppe.
 18892 | Orc:2    | Received a gift from Trog
 19269 | Orc:2    | Found a staircase to the Elven Halls.
 19649 | Elf:1    | Entered Level 1 of the Elven Halls
 19750 | Elf:1    | Paralysed by an air elemental for 1 turns
 19798 | Elf:1    | Identified the +4 plate armour of the Harp {rElec Regen+
                  | Dex-5}
 19906 | Elf:1    | Paralysed by an air elemental for 1 turns
 20441 | Elf:1    | Received a gift from Trog
 20505 | Elf:1    | Reached XP level 16. HP: 119/157 MP: 15/15
 21307 | Elf:1    | Paralysed by an air elemental for 1 turns
 21643 | Shoals:1 | Entered Level 1 of the Shoals
 21765 | Shoals:1 | HP: 7/157 [drowned by a water nymph (10)]
 22126 | Snake:1  | Entered Level 1 of the Snake Pit
 22377 | Snake:1  | Found a transporter.
 22377 | Snake:1  | Noticed ripuliukko's ghost (adept GrEE)
 22489 | Snake:1  | Found a transporter.
 22517 | Snake:1  | Found an ornate altar of the Wu Jian Council.
 23219 | Snake:1  | Killed ripuliukko's ghost
 23476 | Snake:2  | Found Hadocoog's Armour Shop.
 23706 | Snake:2  | Received a gift from Trog
 23767 | Snake:2  | Noticed Vashnia
 23782 | Snake:2  | HP: 5/159 [Vashnia/bolt (33)]
 23851 | Snake:2  | Killed Vashnia
 25435 | Snake:3  | Identified the serpent talisman "Niedgh" {rN+ Str+4}
 25435 | Snake:3  | Noticed Aizul
 25447 | Snake:3  | Killed Aizul
 25448 | Snake:3  | Reached XP level 17. HP: 166/166 MP: 16/16
 25650 | Snake:3  | Received a gift from Trog
 26986 | Snake:3  | Found Hucematt's Assorted Antiques.
 27236 | Snake:4  | Entered Level 4 of the Snake Pit
 27464 | Snake:4  | Received a gift from Trog
 27944 | Snake:4  | Found Xuawn's Jewellery Emporium.
 29967 | Snake:4  | Noticed a quicksilver dragon
 30082 | Snake:4  | Killed a quicksilver dragon
 30147 | Snake:4  | Got a serpentine rune of Zot
 30470 | D:13     | Received a gift from Trog
 31548 | D:14     | Lost mutation: Armour fits poorly on your strangely shaped
                  | body. [potion of mutation]
 31548 | D:14     | Lost mutation: Your system is resistant to poisons. (rPois)
                  | [potion of mutation]
 31548 | D:14     | Gained mutation: You have an increased reservoir of magic.
                  | (+10% MP) [potion of mutation]
 31548 | D:14     | Gained mutation: You are somewhat resistant to further
                  | mutation. [potion of mutation]
 31788 | D:14     | Found a portal to a secret trove of treasure.
 32323 | Shoals:1 | Reached XP level 18. HP: 166/178 MP: 18/18
 32589 | Shoals:1 | Received a gift from Trog
 33433 | Vaults:1 | Entered Level 1 of the Vaults
 33897 | Vaults:1 | Identified the +2 leather armour "Vanulug" {rC++ Int+5
                  | Dex-3}
 34295 | Vaults:1 | Killed from afar by an ironbound frostheart

Illustrated notes

Levels and vault maps discovered:
D:1:      lightli_arrival_statuegarden, layout_loops_ring,
          minmay_misc_feat_enclosed
D:2:      layout_rooms, dreamdust_ecumenical_altar_grove
D:3:      layout_loops_ring, overflow_temple_1_default, tgw_trog
D:4:      minmay_clustersquares, layout_basic, minmay_temple_entry_statues
D:5:      layout_cave_pools, grunt_ministairs_3, serial_bayou_ford_a
D:6:      layout_loops_cross, portal_sewer_entry_a, uniq_jeremiah, uniq_pikel
D:7:      layout_cave_pools, mainiacjoe_overflow_paths,
          mainiacjoe_overflow_chevrons, dreamdust_princess_bridge,
          uniq_menkaure, uniq_prince_ribbit1
D:8:      layout_loops_ring, mainiacjoe_overflow_concentric_impassable,
          serial_shops, nicolae_shop_mannequins, uniq_grum, uniq_gastronok,
          uniq_psyche, uniq_maurice
D:9:      layout_loops_corners, nicolae_yredelemnul_corpse_copse,
          nicolae_hepliaklqana_monster_ancestors, special_room
          [special_room_orc], uniq_harold
D:10:     layout_loops_ring, nicolae_shop_distant_corner_stores
D:11:     layout_basic, hellmonk_lair_entry_icy, dreamdust_mushroom_princess,
          nrook_guardian_serpent_double, uniq_urug
D:12:     layout_roguey, david_orc_2, serial_shops, shop, uniq_nessos
D:13:     layout_loops_ring, hellmonk_vaults_order_and_chaos,
          gauntlet_entry_generic, serial_library_regret_index_headful
D:14:     layout_long_grid, serial_ice, serial_ice_f, serial_ice_a,
          serial_ice_e, serial_ice_b, chequers_jeans,
          nicolae_trove_entry_path_of_doom
Lair:1:   layout_regular_city, portal_ice_cave_entry_pillars_1,
          grunt_megastairs_3, uniq_joseph
Lair:2:   nzn_winding_woodlands_stair_trap [nzn_winding_woodlands_5x15_eye,
          nzn_winding_woodlands_5x15_longhouse,
          nzn_winding_woodlands_5x15_default,
          nzn_winding_woodlands_15x15_thick_spiral,
          nzn_winding_woodlands_5x15_pool, nzn_winding_woodlands_5x15_twine,
          nzn_winding_woodlands_5x15_sidewinder], layout_misc_corridors,
          nicolae_shoals_entry_roost
Lair:3:   layout_misc_corridors, guppyfry_snake_entry_garden, nzn_random_ring,
          grunt_megastairs_1
Lair:4:   layout_regular_city
Lair:5:   cheibrodos_lair_end_hotspot, layout_misc_corridors,
          minmay_slime_entry_pillars, nicolae_quartered_pool_medium, uniq_sonja,
          uniq_rupert
Shoals:1: layout_shoals, nicolae_shoals_aquamancer_cove
Snake:1:  layout_concentric_octagons, basic_altar, gammafunk_ghost_arena
Snake:2:  cheibrodos_snake_ritualist_ritual, layout_onion_interference,
          serial_shops, shop, nicolae_triple_integral, uniq_vashnia
Snake:3:  layout_chambers, serial_shops, nicolae_shop_tiny_statue_garden,
          uniq_aizul
Snake:4:  hellmonk_snake_rune_quicksilver_temple, layout_misc_corridors,
          serial_shops, nicolae_shop_waterfront, beargit_elvish_explorers
Orc:1:    layout_caves, nicolae_orc_rockfall, bh_open_orc_temple
Orc:2:    st_orc_ogre_mass, layout_caves
Elf:1:    layout_onion_city
Vaults:1: nicolae_vaults_angled_halls,
          nicolae_vaults_variable_pillar_hall_cross, hangedman_vaults_capsules,
          hangedman_vaults_corner_blocks, nicolae_vaults_six-pack,
          hangedman_vaults_cutoff, v_misc_15, nicolae_vaults_meiosis,
          nicolae_vaults_tetromino_T_1, st_cells, nicolae_vaults_asterisk,
          nicolae_vaults_closet_pinwheel_2, nicolae_vaults_storage_room_statues,
          nicolae_vaults_storage_closets_1, nicolae_vaults_tangram_2,
          layout_vaults_omnibox

Skill      XL: |  1  2  3  4  5  6  7  8  9 10 11 12 13 14 15 16 17 18 |
---------------+-------------------------------------------------------+-----
Axes           | 1 2 3 4 5 6 8 10 11 13 14 16 17 18 19 20 | 20.0
Fighting       | 4 5 6 7 9 10 12 13 15 16 17 18 20 | 20.3
Armour         | 3 4 5 7 9 10 12 13 14 16 17 18 19 20 | 20.2
Dodging        | 3 4 5 6 8 9 11 12 13 15 16 17 18 | 18.7
Maces & Flails | |  3.6

Action                     |  1- 3 |  4- 6 |  7- 9 | 10-12 | 13-15 | 16-18 || total
---------------------------+-------+-------+-------+-------+-------+-------++-------
  Melee: Mace              |    87 |    93 |       |       |       |       ||   180
         Headbutt          |     5 |    18 |    11 |    56 |   143 |   134 ||   367
         Punch             |       |     1 |       |     1 |       |       ||     2
         Hand axe          |       |     3 |    56 |    93 |       |       ||   152
         Broad axe         |       |       |       |   147 |   601 |   553 ||  1301
  Throw: Javelin           |       |       |       |     2 |       |       ||     2
         Throwing net      |       |       |       |       |       |     1 ||     1
 Invoke: Berserk           |     1 |     1 |       |     1 |     1 |     9 ||    13
         Trog's Hand       |       |       |       |     2 |     3 |    15 ||    20
  Evoke: Wand              |       |       |       |       |       |     3 ||     3
    Use: Scroll            |       |       |     9 |       |    11 |     5 ||    25
         Potion            |       |       |       |       |     6 |     3 ||     9
   Stab: Sleeping          |       |       |       |     1 |       |     2 ||     3
 Armour: Scale mail        |    82 |    69 |       |       |       |       ||   151
         Leather armour    |       |       |    34 |   173 |   312 |   434 ||   953
  Dodge: Dodged            |    54 |    64 |    18 |   142 |   237 |   315 ||   830
  Block: Kite shield       |       |       |       |    49 |   201 |   250 ||   500
         Reflection        |       |       |       |    10 |    13 |    59 ||    82
